 Dungeon Crawl Stone Soup version 0.29.1-12-g30fa7ad0bf (webtiles) character file.

Game seed: 17084889459611848494

14 hawla the Chiller (level 2, -4/20 HPs)
             Began as a Meteoran Ice Elementalist on Dec 15, 2022.
             Slain by a hobgoblin (6 damage)
             ... led by Robin
             ... on level 3 of the Dungeon.
             The game lasted 00:01:22 (367 turns).

hawla the Chiller (Meteoran Ice Elementalist)        Turns: 367, Time: 00:01:23

Health: -4/20      AC:  2    Str:  9    XL:     2   Next: 82%
Magic:  0/6        EV: 12    Int: 16    God:
Gold:   47         SH:  0    Dex: 14    Spells: 5/6 levels left

rFire   . . .      SeeInvis .   (no weapon)
rCold   . . .      Faith    .   (no shield)
rNeg    . . .      Spirit   .   a - +0 robe
rPois   .          Reflect  .   (no helmet)
rElec   .          Harm     .   (no cloak)
rCorr   .          Rampage  .   (no gloves)
Will    .....                   (no boots)
Stlth   +.........              (no amulet)
HPRegen 0.06/turn               (no ring)
MPRegen 0.10/turn               (no ring)

@: brilliant, hasted, glowing, very quick
A: sense surroundings 1, otherworldly, glowing, explore regen
a: no special abilities


You were on level 3 of the Dungeon.
You visited 1 branch of the dungeon, and saw 3 of its levels.

You collected 47 gold pieces.

Inventory:

Armour
 a - a +0 robe (worn)
Potions
 b - a potion of brilliance


   Skills:
 + Level 0.2 Fighting
 + Level 2.4 Dodging
 - Level 1.4 Stealth
 + Level 2.9 Spellcasting
 + Level 4.9 Ice Magic


You had 5 spell levels left.
You knew the following spells:

 Your Spells              Type           Power      Damage    Failure   Level
a - Freeze                Ice            100%       1d11      2%          1

Your spell library contained the following spells:

 Spells                   Type           Power      Damage    Failure   Level
 Frozen Ramparts          Ice            54%        1d9       8%          3
 Ozocubu's Armour         Ice            27%        N/A       8%          3
 Hailstorm                Conj/Ice       15%        3d5       56%         4


Dungeon Overview and Level Annotations

Branches:
Dungeon (3/15) Zot: 1433

Altars:

Annotations:
D:3 Robin


Innate Abilities, Weirdness & Mutations

You passively map a small area around you.
You are easily found by Zot.
You glow in the dark.
You regain HP and MP as you explore.


Message History

Aiming: Freeze (safe; 2% risk of failure)
Press: ? - help, Shift-Dir - straight line, f - hobgoblin
Aim: a hobgoblin (strong)
You miscast Freeze.
You are very lightly contaminated with residual magic.
Nothing appears to happen.
The hobgoblin shouts!
You hear a shout! x2
The hobgoblin misses you.
Casting: Freeze (safe; 2% risk of failure)
Confirm with . or Enter, or press ? or * to list all spells.
Aiming: Freeze (safe; 2% risk of failure)
Press: ? - help, Shift-Dir - straight line, f/p - hobgoblin
Aim: a hobgoblin (strong)
You freeze the hobgoblin!
You kill the hobgoblin!
Robin says, "Bow before me, strongest of all the hobgoblins!"
Unknown command.
It was a potion of brilliance.
You feel clever all of a sudden.
A goblin comes into view. It is wielding a +0 dagger.
Robin closely misses you.
It was a potion of haste.
You feel yourself speed up. Robin misses you.
A goblin comes into view. It is wielding a +0 club.
Robin throws the goblin at you! The goblin hits you with a +0 dagger.
* * * LOW HITPOINT WARNING * * *
You barely miss the goblin. Robin hits you with a +0 club.
* * * LOW HITPOINT WARNING * * *
A hobgoblin comes into view.
The goblin closely misses you.
Casting: Freeze (safe; 2% risk of failure)
Confirm with . or Enter, or press ? or * to list all spells.
Aiming: Freeze (safe; 2% risk of failure)
Press: ? - help, Shift-Dir - straight line, f - goblin
Aim: a goblin, wielding a +0 dagger (strong)
You feel a surge of power!
You freeze the goblin!
You kill the goblin!
Your magical contamination has completely faded away.
The hobgoblin hits you.
You die...

##+## **#.# * ##...##
#.# ##.....## ####.# *
##.......## ##.##.##
#.........####.......
+....†...g').........
#..)...g.)####...#.#.
##..gg..g## #..##.#.
##.@...## #.###.#. ,
##...## #.# #.#.
#######+## #.###.#. ,
........# #....... ,
#...#..############.##
*#.............# #.#
....#...#####.#####.#
* * #.....#........#.#
##...##.##.###.#.#


You could see Robin, 2 hobgoblins and 2 goblins.

Vanquished Creatures
  An endoplasm (D:2)
  2 hobgoblins (D:3)
  4 jackals
  6 goblins (D:3)
13 creatures vanquished.

Notes
Turn   | Place    | Note
-------+----------+-------------------------------------------
     0 | D:1      | hawla the Meteoran Ice Elementalist began the quest for the
                  | Orb.
     0 | D:1      | Reached XP level 1. HP: 14/14 MP: 5/5
    65 | D:2      | Reached XP level 2. HP: 15/20 MP: 0/6
   333 | D:3      | Noticed Robin
   367 | D:3      | Slain by a hobgoblin

Illustrated notes

Levels and vault maps discovered:
D:1:      wheals_arrival_shading, layout_basic,
          hellmonk_ecumenical_altar_watching_god, minmay_surrounded
D:2:      layout_basic, serial_curves, eino_curves_02, eino_curves_02
D:3:      layout_loops_corners, mainiacjoe_overflow_concentric_impassable,
          uniq_robin, uniq_terence

Action                   || total
-------------------------++-------
Melee: Unarmed           ||     1
 Cast: Freeze            ||    19
  Use: Potion            ||     3
Armor: Robe              ||     5
Dodge: Dodged            ||    16
